 Dungeon Crawl Stone Soup version 0.29.0-5-ge4962eb29e (webtiles) character file.

Game seed: 3366859308713450330

1411 Zeldest the Ruffian (level 8, -5/71 HPs)
             Began as a Ghoul Delver on Aug 30, 2022.
             Was a Follower of Makhleb.
             Slain by a bullfrog (6 damage)
             ... on level 7 of the Dungeon.
             The game lasted 00:06:54 (6498 turns).

Zeldest the Ruffian (Ghoul Delver)                  Turns: 6498, Time: 00:06:55

Health: -5/71      AC: 13    Str: 18    XL:     8   Next: 70%
Magic:  10/10      EV:  9    Int:  5    God:    Makhleb [*.....]
Gold:   131        SH:  0    Dex: 10    Spells: 7/7 levels left

rFire   . . .      SeeInvis +     - Unarmed
rCold   + . .      Faith    .   (no shield)
rNeg    + + +      Spirit   .   a - +0 scale mail
rPois   ∞          Reflect  .   G - +2 helmet {SInv}
rElec   .          Harm     .   m - +2 cloak of Ru's Anger {+Inv}
rCorr   .          Rampage  .   (no gloves)
Will    .....                   s - +0 pair of boots
Stlth   +.........              (no amulet)
HPRegen 0.00/turn               (no ring)
MPRegen 0.12/turn               (no ring)

@: inhibited regen
A: claws 1, cold resistance 1, negative energy resistance 3, inhibited
regeneration, torment resistance 2, devour on kill
a: Renounce Religion, Evoke Invisibility


You were on level 7 of the Dungeon.
You worshipped Makhleb.
Makhleb was aware of your devotion.
You visited 2 branches of the dungeon, and saw 8 of its levels.

You collected 346 gold pieces.
You spent 215 gold pieces at shops.

Inventory:

Missiles
 k - 4 throwing nets (quivered)
Armour
 a - a +0 scale mail (worn)
 m - the +2 cloak of Ru's Anger (worn) {+Inv}
   (You found it on level 2 of the Dungeon)

   +Inv:      It lets you turn invisible.
 s - a +0 pair of boots (worn)
 G - a +2 helmet of see invisible (worn)
Jewellery
 h - a ring of fire
 w - a ring of flight
Wands
 f - a wand of digging (3)
 i - a wand of flame (5)
 B - a wand of quicksilver (11)
 D - a wand of mindburst (1)
Scrolls
 b - a scroll of fog
 c - 4 scrolls of identify {unknown}
 d - a scroll of fear
 g - a scroll of butterflies {unknown}
 j - 4 scrolls of noise {unknown}
 r - a scroll of summoning {unknown}
 t - 3 scrolls of teleportation {unknown}
 u - 3 scrolls of amnesia {unknown}
 v - 4 scrolls of poison {unknown}
 C - a scroll of silence {unknown}
 E - a scroll of vulnerability {unknown}
Potions
 e - a potion of haste
 l - 3 potions of attraction {unknown}
 n - 3 potions of lignification {unknown}
 o - 2 potions of brilliance {unknown}
 p - 2 potions of heal wounds {unknown}
 q - 2 potions of flight {unknown}
 x - 3 potions of mutation {unknown}
 z - 2 potions of curing
 A - a potion of resistance {unknown}
 F - a potion of degeneration {unknown}


   Skills:
 + Level 6.6 Fighting
 - Level 1.7 Dodging
 - Level 5.4 Stealth
 + Level 7.6 Unarmed Combat
 + Level 4.7 Invocations
 + Level 3.3 Evocations


You had 7 spell levels left.
You didn't know any spells.
Your spell library contained the following spells:

 Spells                   Type           Power      Damage    Failure   Level
 Apportation              Tloc           0%         N/A       88%         1
 Alistair's Intoxication  Tmut/Pois      0%         N/A       100%        5


Dungeon Overview and Level Annotations

Branches:
Dungeon (7/15)             Temple (1/1) D:4

Altars:
Ashenzari
Cheibriados
Dithmenos
Fedhas
Gozag
Kikubaaqudgha
Makhleb
Nemelex Xobeh
Qazlal
Ru
Sif Muna
Uskayaw
Vehumet
Wu Jian
Xom
Yredelemnul

Shops:
D:1 [=[


Innate Abilities, Weirdness & Mutations

You are immune to poison.
You have sharp fingernails.
Your flesh is cold resistant. (rC+)
You are immune to negative energy. (rN+++)
You do not regenerate when monsters are visible.
You are immune to unholy pain and torment.
You thrive by killing the living.


Message History

The ogre is lightly wounded.
The ogre hits you with a +0 giant club!!
* * * LOW HITPOINT WARNING * * *
You scratch the ogre.
The ogre is lightly wounded.
Okay, then.
You feel yourself speed up. The ogre barely misses you.
A bullfrog comes into view.
Your extra speed is starting to run out.
The bullfrog gives a loud, deep croak!
The bullfrog hits you but does no damage.
You scratch the bullfrog.
The bullfrog is moderately wounded.
The bullfrog hits you.
* * * LOW HITPOINT WARNING * * *
You scratch the bullfrog.
The bullfrog is moderately wounded.
The bullfrog hits you but does no damage.
You barely miss the bullfrog.
The bullfrog is moderately wounded.
You closely miss the bullfrog. Your claw misses the bullfrog.
The bullfrog is moderately wounded.
The bullfrog hits you but does no damage.
You scratch the bullfrog but do no damage.
The bullfrog is moderately wounded.
The bullfrog hits you but does no damage.
You claw the bullfrog!
The bullfrog is severely wounded.
The bullfrog hits you but does no damage.
You closely miss the bullfrog.
The bullfrog is severely wounded.
You feel yourself slow down.
The bullfrog hits you but does no damage.
You scratch the bullfrog.
The bullfrog is almost dead.
The bullfrog barely misses you.
You closely miss the bullfrog.
The bullfrog is almost dead.
The bullfrog hits you.
You die...

#.# #.# ###.##
#..).#####
#..)))...#########
#.).#....'.......# #.#
#...##...#.......# #.#
#...##.F.#.......# #.#
#...##@..##......# #.#
#...##...##.###### #.#
#...##...##.F.#### #.#
#...##...####....# #.#
######.........#.####..
###.......#......#
#.......######..
#.....†.# #.# #.......#
#.#


You could see a bullfrog.

Vanquished Creatures
  A water moccasin (D:6)
  A sky beast (D:7)
  A black bear (D:6)
  2 phantoms
  2 centaurs
  A kobold brigand (D:7)
  3 necrophages
  A gnoll sergeant (D:6)
  A scorpion (D:5)
  3 orc priests
  A hound (D:4)
  A jelly (D:5)
  Ijyb (D:5)
  An orc wizard (D:4)
  8 gnolls
  3 adders
  A shadow imp (D:6)
  2 white imps
  2 ufetubi
  4 worms
  4 dart slugs
  14 orcs
  6 ball pythons
  10 bats
  6 endoplasms
  7 giant cockroaches
  7 goblins
  5 hobgoblins
  5 quokkas
  3 frilled lizards
  12 kobolds
119 creatures vanquished.

Notes
Turn   | Place    | Note
-------+----------+-------------------------------------------
     0 | D:5      | Zeldest the Ghoul Delver began the quest for the Orb.
     0 | D:5      | Reached XP level 1. HP: 19/19 MP: 0/0
    21 | D:5      | Noticed a jelly
    64 | D:2      | Reached XP level 2. HP: 20/26 MP: 1/1
   272 | D:2      | Reached skill level 3 in Unarmed Combat
   293 | D:2      | Reached XP level 3. HP: 32/33 MP: 2/2
   375 | D:2      | Identified the +2 cloak of Ru's Anger {+Inv}
   579 | D:1      | Found Vooxzaru's Armour Shoppe.
   736 | D:1      | Found Ollir's Jewellery Emporium.
  1005 | D:1      | Found Raem Wou's Armour Shoppe.
  1153 | D:1      | Reached XP level 4. HP: 40/40 MP: 3/3
  1657 | D:2      | Reached skill level 4 in Unarmed Combat
  2557 | D:4      | Reached skill level 1 in Evocations
  2557 | D:4      | Reached XP level 5. HP: 46/46 MP: 4/4
  3307 | D:4      | Found a staircase to the Ecumenical Temple.
  3516 | Temple   | Entered the Ecumenical Temple
  3660 | Temple   | Became a worshipper of Makhleb the Destroyer
  3959 | D:4      | Reached skill level 5 in Unarmed Combat
  4102 | D:5      | Reached skill level 1 in Invocations
  4102 | D:5      | Reached XP level 6. HP: 39/53 MP: 5/5
  4630 | D:5      | Reached skill level 5 in Fighting
  4754 | D:5      | Reached skill level 6 in Unarmed Combat
  4754 | D:5      | Reached XP level 7. HP: 54/61 MP: 7/7
  4985 | D:5      | Noticed Ijyb
  5006 | D:5      | Killed Ijyb
  5379 | D:6      | Found an opulent altar of Gozag.
  5468 | D:6      | Reached skill level 7 in Unarmed Combat
  5468 | D:6      | Reached XP level 8. HP: 63/70 MP: 9/9
  5505 | D:6      | Found a sparkling altar of Nemelex Xobeh.
  5529 | D:6      | Identified the +0 leather armour of the Furies {Slay+2}
  5540 | D:6      | Reached * piety under Makhleb
  5644 | D:1      | Bought a +2 helmet of see invisible for 215 gold pieces
  6456 | D:7      | HP: 2/71 [ogre/+0 giant club (27)]
  6490 | D:7      | HP: 1/71 [bullfrog (2)]
  6498 | D:7      | Slain by a bullfrog

Illustrated notes

Levels and vault maps discovered:
D:1:      amcnicky_arrival_wind_blow, layout_loops_corners, serial_shops, shop,
          nicolae_shop_trees, nicolae_square_shop, serial_forest,
          infiniplex_forest_straight_2, infiniplex_forest_clump_small,
          infiniplex_forest_straight_2, infiniplex_forest_lined_room_3,
          infiniplex_forest_end_2, infiniplex_forest_end_double,
          infiniplex_forest_end_1, infiniplex_forest_lined_3
D:2:      layout_basic
D:3:      layout_basic, nicolae_titane
D:4:      layout_cave_pods, temple_doors_ab
D:5:      layout_loops_ring, uniq_ijyb
D:6:      layout_cave_pools, nemelex_xobeh_ov_fountains_minmay,
          mainiacjoe_overflow_paths
D:7:      layout_basic, chequers_temple_overflow_minitemple,
          lemuel_flamethrower_1
Temple:   eino_temple_rhombus

Skill      XL: |  1  2  3  4  5  6  7  8 |
---------------+-------------------------+-----
Unarmed Combat | 3 4 5 6 7 |  7.6
Fighting       | 4 5 6 |  6.6
Evocations     | 1 2 3 |  3.3
Invocations    | 1 2 3 4 |  4.7
Dodging        | |  1.7
Stealth        | |  5.4

Action                   |  1- 3 |  4- 6 |  7- 9 || total
-------------------------+-------+-------+-------++-------
Melee: Unarmed           |    82 |   152 |   171 ||   405
       Punch             |     2 |     2 |     7 ||    11
  Use: Scroll            |     1 |       |       ||     1
       Potion            |       |     1 |     1 ||     2
 Stab: Sleeping          |     4 |    12 |     2 ||    18
Armor: Leather armour    |    40 |    54 |    43 ||   137
       Scale mail        |       |       |    57 ||    57
Dodge: Dodged            |    51 |    82 |   105 ||   238
